AoeStats
← DariiX

Arena

506849404Analyzed
2v2 RM · 16d ago on Sep 15, 2026· 37m 12s· 4 players
Game mode
Random Map
Map size
Medium (4 player)
Population
200
Speed
Normal
Resources
Standard
Victory
Conquest
Starting age
Dark Age
Ending age
Imperial Age
RankedLock teamsTeams togetherTeam positionsShared explorationLock speedFull tech treeHidden civsTurbo modeCheats
Victory
Defeat
🇮🇹 Byzantines · Italy
874
+15
🇨🇳 Persians · China
796
+19
🇵🇱 Poles · Poland
855
-37
🇪🇸 Spanish · Spain
846
-17
Primo_Pixha
2:43 Loom
12:54 Feudal Age
15:22 Double-Bit Axe
20:02 Castle Age
20:13 Horse Collar
26:26 Imperial Age
30:19 Wheelbarrow
30:15 Supremacy
30:17 Conscription
30:13 Bow Saw
32:37 Heavy Plow
33:53 Hand Cart
35:12 Fletching
35:22 Padded Archer Armor
37:12 Padded Archer Armor
37:08 Bodkin Arrow
DariiX
11:25 Feudal Age
12:58 Wheelbarrow
12:16 Horse Collar
12:45 Double-Bit Axe
14:24 Gold Mining
14:28 Stone Mining
19:48 Forging
22:31 Castle Age
24:14 Hand Cart
24:41 Iron Casting
24:25 Bow Saw
24:19 Heavy Plow
28:06 Iron Casting
27:39 Light Cavalry
28:33 Bloodlines
30:29 Stone Shaft Mining
30:43 Scale Barding Armor
enricodandoloparu
0:28 Loom
11:15 Feudal Age
18:50 Castle Age
17:14 Scale Barding Armor
17:10 Scale Mail Armor
16:57 Horse Collar
17:16 Gold Mining
17:42 Double-Bit Axe
19:38 Forging
20:40 Heavy Plow
22:44 Bow Saw
26:36 Pikeman
30:24 Imperial Age
29:07 Fortified Wall
30:34 Chain Barding Armor
31:46 Crop Rotation
32:29 Two-Man Saw
31:44 Heavy Camel Rider
33:44 Gold Shaft Mining
33:27 Chain Mail Armor
35:43 Iron Casting
36:28 Wheelbarrow
36:27 Coinage
37:16 Chemistry
37:02 Halberdier
FFFF12138
10:31 Feudal Age
12:18 Loom
14:57 Castle Age
13:08 Horse Collar
13:58 Double-Bit Axe
18:56 Gold Mining
19:18 Bow Saw
21:56 Wheelbarrow
21:58 Stone Mining
23:24 Gold Shaft Mining
22:51 Heavy Plow
30:08 Imperial Age
27:59 Hand Cart
28:31 Squires
28:55 Scale Barding Armor
29:00 Forging
28:41 Fletching
28:51 Padded Archer Armor
28:53 Scale Mail Armor
29:48 Ballistics
29:23 Murder Holes
29:39 Masonry
30:00 Bloodlines
29:50 Husbandry
30:01 Cavalier
30:20 Pikeman
30:45 Capped Ram
31:16 Town Watch
31:00 Elite Skirmisher
31:46 Thumb Ring
32:03 Leather Archer Armor
31:44 Bodkin Arrow
32:35 Chain Barding Armor
32:50 Iron Casting
33:40 Siege Ram
34:02 Heavy Scorpion
37:24 Chemistry
36:21 Savar
38:36 Two-Man Saw
38:13 Stone Shaft Mining
38:10 Crop Rotation
Connection lost

Rejoining the realm…

Still unreachable

The connection could not be restored.

Session expired

The server has moved on; the page needs a fresh start.